 Dungeon Crawl Stone Soup version 0.31-a0-596-g831eee08f1 (webtiles) character file.

Game seed: 6067551398827352146

3266 BubbleThief the Grappler (level 10, 0/66 HPs)
             Began as an Octopode Shapeshifter on Aug 21, 2023.
             Was a Believer of Hepliaklqana.
             Succumbed to a killer bee's poison
             ... on level 8 of the Dungeon.
             The game lasted 00:09:44 (6928 turns).

BubbleThief the Grappler (Octopode Shapeshifter)    Turns: 6928, Time: 00:09:45

Health: 0/66       AC:  1    Str: 18    XL:     10   Next: 0%
Magic:  10/10      EV: 13    Int: 11    God:    Hepliaklqana [**....]
Gold:   390        SH:  0    Dex: 13    Spells: 9/9 levels left

rFire   . .          .
                       - Unarmed
rCold   . . .        (no shield)
rNeg    . . .        (helmet currently unavailable)
rPois   .            p - amulet of regeneration
rElec   .            (no ring)
rCorr   .            (no ring)
SInv    .            (no ring)
Will    .....        (no ring)
Stlth   ++           (no ring)
HPRegen 1.11/turn    (no ring)
MPRegen 0.12/turn    (no ring)
                     (no ring)

%: no passive effects
@: lethally poisoned (0 -> -8), beast-form, weak-willed, hasted, very quick
A: beast (slay +2), reduced essence, almost no armour, amphibious, 8 rings,
camouflage 1, gelatinous body 1, (nimble swimmer 1), tentacles
a: Begin Untransformation, Renounce Religion, Recall Ancestor, Ancestor Identity


You were on level 8 of the Dungeon.
You worshipped Hepliaklqana.
Hepliaklqana was pleased with you.
You were a hulking beast.
You visited 2 branches of the dungeon, and saw 9 of its levels.

You collected 390 gold pieces.

Inventory:

Jewellery
 p - an amulet of regeneration (around mantle)
 r - an amulet of faith
Talismans
 b - a beast talisman (active)
 c - a flux talisman
 u - a blade talisman
 x - a serpent talisman
Scrolls
 j - a scroll of vulnerability
 l - a scroll of fog {unknown}
 m - a scroll of fear {unknown}
 t - a scroll of teleportation {unknown}
 v - a scroll of butterflies {unknown}
 w - 3 scrolls of identify {unknown}
Potions
 e - a potion of berserk rage {unknown}
 f - a potion of magic {unknown}
 g - a potion of enlightenment {unknown}
 i - a potion of heal wounds {unknown}
 k - a potion of ambrosia {unknown}
 n - a potion of mutation {unknown}
 o - a potion of brilliance {unknown}
 q - a potion of invisibility {unknown}
 s - 2 potions of curing {unknown}


   Skills:
 - Level 9.5 Fighting
 - Level 2.0 Dodging
 - Level 10.0 Unarmed Combat
 + Level 3.9 Shapeshifting


You had 9 spell levels left.
You didn't know any spells.
Your spell library contained the following spells:

 Spells                   Type           Power      Damage    Failure   Level
 Call Canine Familiar     Summ           0%         N/A       71%         3
 Portal Projectile        Hex/Tloc       0%         N/A       71%         3
 Leda's Liquefaction      Hex/Erth       0%         N/A       98%         4
 Sticky Flame             Conj/Fire      0%         2d3       98%         4
 Freezing Cloud           Conj/Ice/Air   0%         6-21      100%        5
 Iskenderun's Battlesphe  Conj           0%         2d6       100%        5
 Starburst                Conj/Fire      0%         6d3       100%        6


Dungeon Overview and Level Annotations

Branches:
Dungeon (8/15)             Temple (1/1) D:4
   Lair: D:8-11

Altars:
Ashenzari
Cheibriados
Dithmenos
Elyvilon
Hepliaklqana
Makhleb
Nemelex Xobeh
Okawaru
Qazlal
Ru
Trog
Uskayaw
Vehumet
Wu Jian
Xom
Yredelemnul
The Shining One

Shops:
D:4 [   D:7 *


Innate Abilities, Weirdness & Mutations

You are a hulking beast.
Your limbs bulge with bestial killing power. (Slay +2)
Your life essence is reduced to manifest your ancestor. (-10% HP)
You cannot wear most types of armour.
You are amphibious.
You can wear up to eight rings at the same time.
Your skin changes colour to match your surroundings (Stealth+).
Your rubbery body absorbs attacks. (AC +1, EV +1)
((You are camouflaged when in or above water. (Stealth+)))
You have tentacles for arms and can constrict up to eight enemies at once.


Message History

Unknown command.
Wigmund completely misses the basilisk.
The basilisk bites Wigmund!
Wigmund is destroyed!
The basilisk gazes at you. You resist with some effort.
The boulder beetle attacks as it pursues you!
The boulder beetle hits you!!!
Ouch! That really hurt!
The boulder beetle stops rolling and uncurls.
The boulder beetle bites you!
* * * LOW HITPOINT WARNING * * *
Unknown command.
As you read the scroll labelled KAKURY XOTHRIVVY, it crumbles to dust.
You hear a loud clanging noise!
It was a scroll of noise.
You hear two shouts!
You hear a shout! x2; You hear an angry buzzing noise.
You hear a shout! x3
The killer bee closely misses you.
The boulder beetle curls into a ball and begins rolling!
The killer bee stings you!
* * * LOW HITPOINT WARNING * * *
Unknown command.
As you read the scroll labelled OHIDOI XIRAI, it crumbles to dust.
You feel aware of your surroundings.
It was a scroll of revelation.
The killer bee barely misses you. The killer bee stings you.
* * * LOW HITPOINT WARNING * * *
You are poisoned.
The killer bee poisons you!
Unknown command.
As you read the scroll labelled UFYXEMP SOMO, it crumbles to dust.
Magic quickly surges around you.
It was a scroll of vulnerability.
You feel very sick. The killer bee closely misses you.
The boulder beetle misses you.
The boulder beetle stops rolling and uncurls.
The killer bee stings you.
* * * LOW HITPOINT WARNING * * *
You are lethally poisoned!
The killer bee poisons you!
It was a potion of haste.
You feel yourself speed up.
You die...

#### #.##.##.# #...#*****
####.......####...#,**,*
##########......######...#,,,,,
#.....####.###..######...#.,,>*
#.....###[.##...#.........#**,*
#........#.#....l...))....# *>*
#.....###..#..°.#....)....#**,*
#....<###....B#y######...#.,,**
##########....hy######,..#,,,,,
#####.#########,,.#*****
#####.#########,,,#
##############.#########,,,*
..#.......##.......#####*,****
#.#..####.##.#.###.###..,,,,,*
(......##.##.#.###.###.#*,**,*
#.#.R#...............#..,,,,,*
#.#..####.##.##.##.#.#,**,,*,*


You could see a boulder beetle (weak-willed), a basilisk and 2 killer bees.

Vanquished Creatures
  Sigmund (D:2)
  Eustachio (D:4)
  A steam dragon (D:8)
  A water moccasin (D:7)
  An ice beast (D:7)
  2 ogres (D:5)
  A phantom (D:6)
  A kobold brigand (D:7)
  3 bullfrogs
  4 scorpions
  A killer bee (D:7)
  2 howler monkeys
  9 hounds
  5 jellies
  Crazy Yiuf (D:2)
  An orc priest (D:3)
  4 iguanas
  2 sleepcaps
  Terence (D:2)
  6 orc wizards
  9 gnolls
  6 adders
  A worm (D:4)
  2 dart slugs
  16 orcs
  6 endoplasms
  4 goblins
  4 hobgoblins
  7 jackals
  3 quokkas
  3 ball pythons
  6 bats
  A frilled lizard (D:1)
  8 kobolds
  6 rats
130 creatures vanquished.

Vanquished Creatures (collateral kills)
  A water moccasin (D:7)
  An orc warrior (D:7)
  An ogre (D:7)
  A centaur (D:7)
  2 gnoll sergeants
  A scorpion (D:7)
  A howler monkey (D:7)
  A hound (D:5)
  A sleepcap (D:6)
  4 orc wizards
  2 gnolls (D:7)
  An adder (D:7)
  7 orcs
  2 kobolds (D:7)
26 creatures vanquished.

Vanquished Creatures (others)
  A battlemage (D:8)
  An ancestor (D:6)
2 creatures vanquished.

Grand Total: 158 creatures vanquished

Notes
Turn   | Place    | Note
-------+----------+-------------------------------------------
     0 | D:1      | BubbleThief the Octopode Shapeshifter began the quest for
                  | the Orb.
     0 | D:1      | Reached XP level 1. HP: 13/13 MP: 1/1
   141 | D:1      | Reached XP level 2. HP: 16/18 MP: 2/2
   667 | D:2      | Found a runed translucent door.
   670 | D:2      | Noticed Crazy Yiuf
   900 | D:2      | Noticed Terence
   907 | D:2      | Killed Terence
   908 | D:2      | Reached XP level 3. HP: 2/25 MP: 3/3
  1437 | D:2      | Noticed Sigmund
  1574 | D:2      | Reached skill level 4 in Unarmed Combat
  1574 | D:2      | Reached XP level 4. HP: 29/30 MP: 4/4
  2219 | D:3      | Reached XP level 5. HP: 33/36 MP: 5/5
  2462 | D:4      | Found Lomnouth's Antique Armour Shop.
  2848 | D:4      | Reached skill level 5 in Unarmed Combat
  2848 | D:4      | Reached XP level 6. HP: 30/43 MP: 6/6
  3118 | D:4      | Noticed Eustachio
  3130 | D:4      | Killed Eustachio
  3131 | D:4      | Reached skill level 5 in Fighting
  3131 | D:4      | Reached XP level 7. HP: 39/50 MP: 7/7
  3191 | D:4      | Found a staircase to the Ecumenical Temple.
  3198 | Temple   | Entered the Ecumenical Temple
  3203 | Temple   | Became a worshipper of Hepliaklqana the Forgotten
  3277 | D:4      | Found a hide-covered altar of Uskayaw.
  3300 | D:4      | Reached skill level 6 in Unarmed Combat
  3616 | D:2      | Killed Sigmund
  3913 | D:2      | Killed Crazy Yiuf
  4048 | D:5      | Entered Level 5 of the Dungeon
  4154 | D:5      | Reached XP level 8. HP: 51/57 MP: 8/8
  4221 | D:5      | Reached skill level 7 in Unarmed Combat
  4333 | D:5      | Reached * piety under Hepliaklqana
  5113 | D:6      | Reached skill level 8 in Unarmed Combat
  5125 | D:6      | Got Zygoihae's Almanac of Energy
  5449 | D:6      | Reached XP level 9. HP: 29/59 MP: 9/9
  5450 | D:6      | Reached ** piety under Hepliaklqana
  5465 | D:6      | Remembered your ancestor Wigmund as a battlemage
  6063 | D:7      | Reached skill level 9 in Unarmed Combat
  6456 | D:7      | Found Zoasuukez's Serpentskin Sales.
  6646 | D:8      | Noticed a boulder beetle
  6658 | D:7      | Reached skill level 10 in Unarmed Combat
  6916 | D:8      | Reached XP level 10. HP: 66/66 MP: 10/10
  6927 | D:8      | HP: 3/66 [killer bee (2)]
  6928 | D:8      | Succumbed to a killer bee's poison

Illustrated notes

Levels and vault maps discovered:
D:1:      spicycebolla_arrival_ecumenical, layout_loops_ring,
          minmay_tiny_reverse_x
D:2:      layout_loops_ring, serial_co_window_serial, co_window_paths_b,
          co_window_paths_a, co_window_corner_a, co_window_corner_a,
          co_window_corner_a, co_window_2corner, co_window_paths_c,
          co_window_2corner, co_window_corner_b, co_window_4corner_b,
          co_window_paths_e, uniq_terence, uniq_crazy_yiuf_cottage, uniq_sigmund
D:3:      layout_basic
D:4:      layout_loops_ring, nicolae_uskayaw_dance_hall,
          minmay_temple_entry_wispy, serial_shops, nicolae_shop_window_shopping,
          minmay_pentangle, uniq_eustachio
D:5:      layout_cave_pods
D:6:      layout_layer_cave
D:7:      layout_basic, minmay_crystal_water, chequers_decorated_corner,
          chequers_serial_rivers_micro_b, guppyfry_shop_venom
D:8:      minmay_bloctagon_deflated, layout_loops_cross, chequers_mini_garden,
          corexii_leaking_fountain
Temple:   compressed_dpeg_triangle_lava_temple

Skill      XL: |  1  2  3  4  5  6  7  8  9 |
---------------+----------------------------+-----
Fighting       | 2 3 4 5 6 7 9 |  9.5
Unarmed Combat | 4 5 6 8 10 | 10.0
Dodging        | |  2.0
Shapeshifting  | |  3.9

Action                     |  1- 3 |  4- 6 |  7- 9 | 10-12 || total
---------------------------+-------+-------+-------+-------++-------
  Melee: Unarmed           |    41 |   106 |   148 |       ||   295
         Constrict         |    10 |    26 |    46 |       ||    82
         Tentacles         |     8 |    15 |    39 |       ||    62
         Punch             |     3 |     6 |    15 |       ||    24
 Invoke: Recall Ancestor   |       |       |     1 |       ||     1
         Ancestor Life: Ba |       |       |     1 |       ||     1
    Use: Potion            |       |     1 |       |     1 ||     2
         Scroll            |       |       |       |     3 ||     3
   Stab: Sleeping          |    12 |     5 |     5 |       ||    22
         Distracted        |       |       |     1 |       ||     1
 Armour: Skin              |     2 |    12 |     2 |       ||    16
  Dodge: Dodged            |    18 |    44 |    95 |     4 ||   161

Table legend: (Time is in decaauts)
 A = Elapsed time spent in this place.
 B = Non-inter-level travel time spent in this place.
 C = Inter-level travel time spent in this place.
 D = Time resting spent in this place.
 E = Time spent auto-exploring this place.
 F = Levels seen in this place.
 G = Mean time per level.
                   A        B        C        D        E       F      G
               +--------+--------+--------+--------+--------+-----+--------+
         Total |   6894 |   6214 |    680 |    199 |   4957 |   9 |  766.0 |
       Dungeon |   6883 |   6211 |    672 |    199 |   4957 |   8 |  860.4 |
        Temple |     10 |      2 |      8 |      0 |      0 |   1 |   10.0 |
               +--------+--------+--------+--------+--------+-----+--------+

Top non-repeatable levels by time:
     D:2: 1446 daAuts
     D:6: 1106 daAuts
     D:4: 1102 daAuts
     D:3: 905 daAuts
     D:5: 816 daAuts
     D:7: 648 daAuts
     D:1: 628 daAuts
     D:8: 229 daAuts
  Temple: 10 daAuts
